Match 44846592
Unlisted

Match 44846592
End
Selects Towed ML 4.2-inch Heavy Mortar
Selects Off-map Airburst Barrage
Construct Section Command Post
Selects Perimeter Monitor
Selects War Cry
Selects Gurkha Rifles Section
Selects Pillage
Foot Guards Section
Infantry Section
Royal Engineer Section
Construct Field Infirmary
Royal Engineer Section
6-pounder Anti-tank Gun Team
Foot Guards Section
Infantry Section
Infantry Section
Vickers Machine Gun Team
Infantry Section
Vickers Machine Gun Team
Construct Platoon Command Post
6-pounder Anti-tank Gun Team
ML 3-inch Mortar Team
Unlock Towed 17-pounder Anti-tank Guns
17-pounder Anti-tank Gun Team
17-pounder Anti-tank Gun Team
Royal Engineer Section
Gurkha Rifles Section
17-pounder Anti-tank Gun Team
17-pounder Anti-tank Gun Team
Grenade Package
17-pounder Anti-tank Gun Team
17-pounder Anti-tank Gun Team
17-pounder Anti-tank Gun Team
17-pounder Anti-tank Gun Team
17-pounder Anti-tank Gun Team
Infantry Section
17-pounder Anti-tank Gun Team
Gurkha Rifles Section
17-pounder Anti-tank Gun Team
17-pounder Anti-tank Gun Team
17-pounder Anti-tank Gun Team
6-pounder Anti-tank Gun Team
17-pounder Anti-tank Gun Team
17-pounder Anti-tank Gun Team
17-pounder Anti-tank Gun Team
17-pounder Anti-tank Gun Team
17-pounder Anti-tank Gun Team
Infantry Section
17-pounder Anti-tank Gun Team
Infantry Section
17-pounder Anti-tank Gun Team
Infantry Section
Gurkha Rifles Section
Gurkha Rifles Section
17-pounder Anti-tank Gun Team
17-pounder Anti-tank Gun Team
17-pounder Anti-tank Gun Team
17-pounder Anti-tank Gun Team
17-pounder Anti-tank Gun Team
17-pounder Anti-tank Gun Team
Infantry Section
17-pounder Anti-tank Gun Team
17-pounder Anti-tank Gun Team
17-pounder Anti-tank Gun Team
Infantry Section
Gurkha Rifles Section
17-pounder Anti-tank Gun Team
Infantry Section
Vickers Machine Gun Team
Vickers Machine Gun Team
Vickers Machine Gun Team
Gurkha Rifles Section
Gurkha Rifles Section
Gurkha Rifles Section
Vickers Machine Gun Team
Gurkha Rifles Section
Vickers Machine Gun Team
17-pounder Anti-tank Gun Team
Gurkha Rifles Section
17-pounder Anti-tank Gun Team
Vickers Machine Gun Team
Gurkha Rifles Section
Gurkha Rifles Section
17-pounder Anti-tank Gun Team
Vickers Machine Gun Team
17-pounder Anti-tank Gun Team
Gurkha Rifles Section
Vickers Machine Gun Team
Gurkha Rifles Section
Gurkha Rifles Section
17-pounder Anti-tank Gun Team
Vickers Machine Gun Team
Vickers Machine Gun Team
17-pounder Anti-tank Gun Team
Gurkha Rifles Section
Gurkha Rifles Section
Vickers Machine Gun Team
17-pounder Anti-tank Gun Team
Gurkha Rifles Section
Gurkha Rifles Section
Gurkha Rifles Section
Vickers Machine Gun Team
17-pounder Anti-tank Gun Team
Vickers Machine Gun Team
17-pounder Anti-tank Gun Team
Gurkha Rifles Section
Gurkha Rifles Section
Gurkha Rifles Section
Gurkha Rifles Section
Vickers Machine Gun Team
17-pounder Anti-tank Gun Team
17-pounder Anti-tank Gun Team
Gurkha Rifles Section
Vickers Machine Gun Team
17-pounder Anti-tank Gun Team
Vickers Machine Gun Team
Gurkha Rifles Section
Vickers Machine Gun Team
17-pounder Anti-tank Gun Team
Gurkha Rifles Section
Vickers Machine Gun Team
17-pounder Anti-tank Gun Team
Gurkha Rifles Section
Vickers Machine Gun Team
17-pounder Anti-tank Gun Team
17-pounder Anti-tank Gun Team
Vickers Machine Gun Team
Gurkha Rifles Section
Vickers Machine Gun Team
17-pounder Anti-tank Gun Team
Vickers Machine Gun Team
17-pounder Anti-tank Gun Team
17-pounder Anti-tank Gun Team
Vickers Machine Gun Team
Gurkha Rifles Section
17-pounder Anti-tank Gun Team
Vickers Machine Gun Team
Gurkha Rifles Section
Vickers Machine Gun Team
Gurkha Rifles Section
17-pounder Anti-tank Gun Team
Gurkha Rifles Section
Vickers Machine Gun Team
17-pounder Anti-tank Gun Team
17-pounder Anti-tank Gun Team
Vickers Machine Gun Team
17-pounder Anti-tank Gun Team
Vickers Machine Gun Team
Vickers Machine Gun Team
Gurkha Rifles Section
17-pounder Anti-tank Gun Team
17-pounder Anti-tank Gun Team
Vickers Machine Gun Team
17-pounder Anti-tank Gun Team
Vickers Machine Gun Team
Gurkha Rifles Section
Gurkha Rifles Section
17-pounder Anti-tank Gun Team
Vickers Machine Gun Team
Gurkha Rifles Section
Gurkha Rifles Section
Vickers Machine Gun Team
17-pounder Anti-tank Gun Team
17-pounder Anti-tank Gun Team
Vickers Machine Gun Team
Gurkha Rifles Section
17-pounder Anti-tank Gun Team
Vickers Machine Gun Team
Gurkha Rifles Section
Vickers Machine Gun Team
17-pounder Anti-tank Gun Team
Gurkha Rifles Section
Vickers Machine Gun Team
17-pounder Anti-tank Gun Team
Vickers Machine Gun Team
17-pounder Anti-tank Gun Team
Vickers Machine Gun Team
17-pounder Anti-tank Gun Team
Gurkha Rifles Section
17-pounder Anti-tank Gun Team
Vickers Machine Gun Team
Gurkha Rifles Section
17-pounder Anti-tank Gun Team
Gurkha Rifles Section
Vickers Machine Gun Team
Gurkha Rifles Section
Vickers Machine Gun Team
17-pounder Anti-tank Gun Team
Vickers Machine Gun Team
17-pounder Anti-tank Gun Team
17-pounder Anti-tank Gun Team
Vickers Machine Gun Team
Gurkha Rifles Section
Vickers Machine Gun Team
17-pounder Anti-tank Gun Team
Gurkha Rifles Section
Vickers Machine Gun Team
17-pounder Anti-tank Gun Team
Vickers Machine Gun Team
17-pounder Anti-tank Gun Team
Gurkha Rifles Section
Vickers Machine Gun Team
17-pounder Anti-tank Gun Team
Vickers Machine Gun Team
17-pounder Anti-tank Gun Team
17-pounder Anti-tank Gun Team
Gurkha Rifles Section
Vickers Machine Gun Team
Gurkha Rifles Section
17-pounder Anti-tank Gun Team
Vickers Machine Gun Team
17-pounder Anti-tank Gun Team
Vickers Machine Gun Team
Gurkha Rifles Section
Vickers Machine Gun Team
17-pounder Anti-tank Gun Team
17-pounder Anti-tank Gun Team
Vickers Machine Gun Team
Gurkha Rifles Section
Vickers Machine Gun Team
Gurkha Rifles Section
17-pounder Anti-tank Gun Team
Vickers Machine Gun Team
Gurkha Rifles Section
17-pounder Anti-tank Gun Team
17-pounder Anti-tank Gun Team
Vickers Machine Gun Team
17-pounder Anti-tank Gun Team
Vickers Machine Gun Team
Vickers Machine Gun Team
17-pounder Anti-tank Gun Team
Vickers Machine Gun Team
17-pounder Anti-tank Gun Team
Gurkha Rifles Section
Vickers Machine Gun Team
17-pounder Anti-tank Gun Team
Gurkha Rifles Section
Gurkha Rifles Section
Vickers Machine Gun Team
17-pounder Anti-tank Gun Team
17-pounder Anti-tank Gun Team
Gurkha Rifles Section
Vickers Machine Gun Team
17-pounder Anti-tank Gun Team
Vickers Machine Gun Team
Gurkha Rifles Section
Vickers Machine Gun Team
17-pounder Anti-tank Gun Team
17-pounder Anti-tank Gun Team
17-pounder Anti-tank Gun Team
Gurkha Rifles Section
Gurkha Rifles Section
17-pounder Anti-tank Gun Team
Gurkha Rifles Section
17-pounder Anti-tank Gun Team
17-pounder Anti-tank Gun Team
Gurkha Rifles Section
17-pounder Anti-tank Gun Team
Gurkha Rifles Section
17-pounder Anti-tank Gun Team
Gurkha Rifles Section
17-pounder Anti-tank Gun Team
17-pounder Anti-tank Gun Team
17-pounder Anti-tank Gun Team
17-pounder Anti-tank Gun Team
17-pounder Anti-tank Gun Team
Infantry Training
Team Weapon Training
Light Vehicle Training
Light Vehicle Training
Team Weapon Training
Infantry Training
Team Weapon Training
Infantry Training
Light Vehicle Training
Team Weapon Training
Infantry Training
Light Vehicle Training
Team Weapon Training
Infantry Training
Light Vehicle Training
Infantry Training
Light Vehicle Training
Team Weapon Training
Light Vehicle Training
Team Weapon Training
Infantry Training
Light Vehicle Training
Team Weapon Training
Infantry Training
Selects Indian Artillery Battlegroup
Selects Indian Artillery Battlegroup
CPU - Expert
CPU - Expert
CPU - Expert
Robin Da Hood
CPU - Expert
CPU - Expert
CPU - Expert
Agent Smith
0
0

Comments sign in to comment!

No comments posted yet!